AoeStats
← Hakimi

Enclosed

505347134Analyzed
1v1 RM · 22d ago on Sep 9, 2026· 52m 33s· 2 players
Game mode
Random Map
Map size
Tiny (2 player)
Population
200
Speed
Normal
Resources
Standard
Victory
Conquest
Starting age
Dark Age
Ending age
Imperial Age
RankedLock teamsTeams togetherTeam positionsShared explorationLock speedFull tech treeHidden civsTurbo modeCheats
Victory
Defeat
🇨🇳 Burgundians · China
906
+14
🇹🇷 Franks · Türkiye
860
-35
Salvador DALİ
10:10 Feudal Age
9:34 Loom
11:19 Double-Bit Axe
16:19 Wheelbarrow
17:14 Scale Barding Armor
17:21 Forging
24:10 Castle Age
25:26 Chain Barding Armor
25:06 Scale Mail Armor
25:48 Iron Casting
31:18 Bow Saw
34:29 Crossbowman
38:30 Imperial Age
35:32 Pikeman
36:54 Pikeman
41:56 Fletching
48:29 Halberdier
Hakimi
7:52 Loom
10:43 Feudal Age
9:05 Double-Bit Axe
11:56 Bow Saw
13:22 Horse Collar
16:00 Castle Age
16:05 Pikeman
17:48 Fletching
18:56 Squires
20:16 Scale Mail Armor
20:34 Heavy Plow
22:25 Stone Mining
23:41 Wheelbarrow
25:00 Stone Shaft Mining
25:28 Town Watch
26:00 Cavalier
30:24 Scale Barding Armor
30:29 Forging
30:15 Bodkin Arrow
30:25 Gold Mining
31:42 Chain Barding Armor
32:49 Hand Cart
32:55 Arson
33:53 Iron Casting
33:33 Chain Mail Armor
33:41 Husbandry
40:24 Guilds
44:42 Imperial Age
43:08 Gold Shaft Mining
46:48 Two-Man Saw
46:20 Crop Rotation
46:35 Plate Barding Armor
46:32 Plate Mail Armor
46:03 Bracer
47:03 Blast Furnace
46:35 Paladin
48:10 Conscription
48:26 Hoardings
50:55 Elite Coustillier
51:48 Town Patrol
Connection lost

Rejoining the realm…

Still unreachable

The connection could not be restored.

Session expired

The server has moved on; the page needs a fresh start.